 Dungeon Crawl Stone Soup version 0.20.1-1-g8b1a95d (webtiles) character file.

591 mopl the Chopper (level 7, -13/54 HPs)
             Began as a Formicid Wanderer on Sept 23, 2017.
             Was a Follower of Uskayaw.
             Mangled by an ogre
             ... wielding a +0 giant club
              (21 damage)
             ... on level 6 of the Dungeon.
             The game lasted 00:10:03 (6497 turns).

mopl the Chopper (Formicid Wanderer)                Turns: 6497, Time: 00:10:03

Health: -13/54     AC:  9    Str: 17    XL:     7   Next: 66%
Magic:  6/9        EV:  7    Int: 11    God:    Uskayaw [*.....]
Gold:   171        SH:  0    Dex: 12    Spells: 6/6 levels left

rFire    . . .     SeeInvis +   x - +0 hand axe (freeze)
rCold    . . .     Gourm    .   (no shield)
rNeg     . . .     Faith    .   p - +0 chain mail
rPois    .         Spirit   .   (helmet unavailable)
rElec    .         Reflect  .   (no cloak)
rCorr    .         Harm     .   (no gloves)
MR       .....                  (no boots)
Stlth    ..........             (no amulet)
Regen    0.2/turn               e - ring of flight
MPRegen  0.2/turn               (no ring)

@: no status effects
A: permanent stasis, dig shafts and tunnels, four strong arms, antennae 3
a: Dig, Shaft Self, Stomp, Renounce Religion, Evoke Flight


You were on level 6 of the Dungeon.
You worshipped Uskayaw.
Uskayaw was noncommittal.
You were hungry.

You visited 2 branches of the dungeon, and saw 7 of its levels.
You also visited: Sewer.

You collected 171 gold pieces.

Inventory:

Hand Weapons
 d - a +0 hand axe
 x - a +0 hand axe of freezing (weapon)
Missiles
 b - 2 throwing nets (quivered)
 c - 7 poisoned needles
 D - 4 tomahawks
Armour
 p - a +0 chain mail (worn)
Magical Staves
 v - an uncursed staff of fire
Jewellery
 e - a ring of flight (left hand)
Wands
 y - a wand of confusion (13/48)
Scrolls
 h - 7 scrolls of identify {unknown}
 i - 3 scrolls of immolation {unknown}
 m - 4 scrolls of recharging {unknown}
 r - a scroll of fear {unknown}
 s - 2 scrolls of remove curse {unknown}
 u - a scroll of amnesia {unknown}
 w - a scroll of silence {unknown}
 C - a scroll of teleportation {unknown}
Potions
 g - 9 potions of curing
 k - 2 potions of haste {unknown}
 l - a potion of flight {unknown}
 o - a potion of might {unknown}
 q - 2 potions of heal wounds {unknown}
 t - a potion of degeneration {unknown}
 z - a potion of brilliance {unknown}
 A - a potion of lignification {unknown}
 B - a potion of magic {unknown}
Comestibles
 a - 4 meat rations
 f - 6 bread rations
 j - 7 fruits
 n - 3 royal jellies


   Skills:
 + Level 4.2 Fighting
 * Level 5.4 Axes
 - Level 2.0 Staves
 + Level 4.0 Armour
 - Level 1.0 Dodging
   Level 1.2 Shields
 + Level 3.1 Invocations
 - Level 1.1 Evocations


You had 6 spell levels left.
You didn't know any spells.

Dungeon Overview and Level Annotations

Branches:
Dungeon (6/15)             Temple (1/1) D:4

Altars:
Ashenzari
Cheibriados
Dithmenos
Elyvilon
Fedhas
Kikubaaqudgha
Makhleb
Nemelex Xobeh
Okawaru
Qazlal
Ru
Sif Muna
Uskayaw
Vehumet
Zin
The Shining One

Annotations:
D:3 equalderp2856's ghost, amateur MiFi


Innate Abilities, Weirdness & Mutations

You cannot be hasted, slowed, berserked, paralysed or teleported.
You can dig through walls and to a lower floor.
Your four strong arms can wield two-handed weapons with a shield.
You have a pair of large antennae on your head. (SInv)


Message History

Aiming: Confuse (will waste charges)
Press: ? - help, Shift-Dir - straight line, f/p - ogre
Aim: an ogre, wielding a giant club (severely wounded, confused, chance to defeat MR: 49%)
The ogre appears confused.
Evoking this partially-identified wand wasted a few charges.
Your skill with magical items lets you calculate the power of this device...
This wand has 13 charges left.
Unknown command.
Found a stone staircase leading down.
There is a shaft here.
You catch the helpless ogre completely off-guard!
You hit the ogre. You freeze the ogre.
The ogre is almost dead.
The ogre barely misses you.
You see here a leopard gecko corpse.
You catch the helpless ogre completely off-guard!
You hit the ogre but do no damage.
The ogre is almost dead.
The ogre hits you with a giant club!!
You die...

..............#####
######.####### #.#
#.# #. ######.###
#. #........# # #.
#........#
#.##.###$.......#
......[†@O......#
#..#............#
#.#..^.........#
#..............#
##..###........#
#.> #........# #.
.......### #.
######## #


You could see an ogre (confused).

Vanquished Creatures
  A sky beast (D:5)
  A bullfrog (D:5)
  A scorpion (D:5)
  A howler monkey (D:4)
  A bullfrog zombie (D:5)
  3 worker ants
  4 gnolls (D:5)
  9 adders
  An ooze (D:4)
  4 worms
  4 leopard geckos
  9 orcs
  2 giant cockroaches
  8 goblins
  7 hobgoblins
  13 jackals
  A quokka (D:2)
  5 ball pythons
  10 bats
  5 frilled lizards
  10 kobolds
  2 leopard gecko skeletons
  10 rats
  8 plants (Sewer)
120 creatures vanquished.

Vanquished Creatures (others)
  A plant (Sewer)
1 creature vanquished.

Grand Total: 121 creatures vanquished

Notes
Turn   | Place    | Note
-------+----------+-------------------------------------------
     0 | D:1      | mopl the Formicid Wanderer began the quest for the Orb.
     0 | D:1      | mopl set off with: a +0 leather armour, 3 throwing nets, a +0 ring mail, a +0 hand axe, a bread ration
     0 | D:1      | Reached XP level 1. HP: 16/16 MP: 1/1
   219 | D:1      | Reached XP level 2. HP: 15/22 MP: 2/2
   547 | D:1      | Reached XP level 3. HP: 24/28 MP: 3/3
  1073 | D:2      | Reached skill level 3 in Axes
  1084 | D:2      | Reached skill level 2 in Armour
  1270 | D:2      | Reached XP level 4. HP: 23/34 MP: 4/4
  1996 | D:2      | Reached skill level 3 in Fighting
  2761 | D:3      | Noticed equalderp2856's ghost (amateur MiFi)
  3275 | D:4      | Reached skill level 4 in Axes
  3275 | D:4      | Reached XP level 5. HP: 15/41 MP: 5/5
  3696 | D:4      | Found a staircase to the Ecumenical Temple.
  3710 | Temple   | Entered the Ecumenical Temple
  3741 | Temple   | Became a worshipper of Uskayaw the Reveler
  3851 | D:4      | Found a sparkling altar of Nemelex Xobeh.
  3897 | D:3      | Reached * piety under Uskayaw
  3912 | D:3      | Reached ** piety under Uskayaw
  4121 | D:5      | Entered Level 5 of the Dungeon
  4259 | D:5      | Noticed a sky beast
  4275 | D:5      | Reached *** piety under Uskayaw
  4278 | D:5      | Killed a sky beast
  4278 | D:5      | Reached skill level 3 in Armour
  4278 | D:5      | Reached skill level 1 in Invocations
  4278 | D:5      | Reached XP level 6. HP: 13/48 MP: 5/7
  4518 | D:5      | Reached skill level 2 in Invocations
  4537 | D:5      | Reached skill level 4 in Fighting
  4537 | D:5      | Reached XP level 7. HP: 24/54 MP: 8/8
  4578 | D:5      | Found a glowing drain.
  4595 | Sewer    | Entered a sewer
  5801 | D:5      | Reached skill level 5 in Axes
  5803 | D:5      | Reached **** piety under Uskayaw
  6070 | D:5      | Reached skill level 3 in Invocations
  6152 | D:5      | Reached skill level 4 in Armour
  6497 | D:6      | Mangled by an ogre

Skill      XL: |  1  2  3  4  5  6  7 |
---------------+----------------------+-----
Axes           | 3 4 5 |  5.4
Armour         | 2 3 4 |  4.0
Fighting       | 3 4 |  4.2
Invocations    | 1 2 3 |  3.1
Staves         | |  2.0
Dodging        | |  1.0
Shields        | |  1.2
Evocations     | |  1.1

Action                   |  1- 3 |  4- 6 |  7- 9 || total
-------------------------+-------+-------+-------++-------
Melee: Hand axe          |   115 |   260 |   295 ||   670
Throw: Throwing net      |       |     3 |       ||     3
Invok: Line Pass         |       |       |     1 ||     1
 Abil: Dig               |       |     3 |     5 ||     8
Evoke: Wand              |       |       |     2 ||     2
  Use: Potion            |       |     1 |       ||     1
 Stab: Paralysed         |       |     1 |     1 ||     2
       Confused          |       |       |     2 ||     2
  Eat: Chunk             |     1 |    12 |     9 ||    22
Armor: Ring mail         |    69 |    51 |       ||   120
       Chain mail        |       |    90 |    61 ||   151
Dodge: Dodged            |    79 |    85 |    49 ||   213
